 Dungeon Crawl Stone Soup version 0.26.1-11-gd32895ea62 (webtiles) character file.

Game seed: 13265205975521478958

32 ratatacist the Chopper (level 3, -4/33 HPs)
             Began as a Minotaur Berserker on July 7, 2021.
             Was a Follower of Trog.
             Slain by an iguana (12 damage)
             ... on level 2 of the Dungeon.
             The game lasted 00:04:25 (1694 turns).

ratatacist the Chopper (Minotaur Berserker)         Turns: 1694, Time: 00:04:26

Health: -4/33      AC:  4    Str: 22    XL:     3   Next: 8%
Magic:  2/2        EV: 12    Int:  4    God:    Trog [*.....]
Gold:   84         SH:  0    Dex:  9    Spells: 2/2 levels left

rFire    + . .     SeeInvis +   a - +0 hand axe
rCold    . . .     Faith    .   (no shield)
rNeg     . . .     Spirit   .   h - +1 leather armour
rPois    .         Reflect  .   (helmet restricted)
rElec    .         Harm     .   (no cloak)
rCorr    .         Rampage  .   (no gloves)
Will     .....                  (no boots)
Stlth    +.........             (no amulet)
HPRegen  0.11/turn              f - ring of see invisible
MPRegen  0.08/turn              e - ring of protection from fire

@: no status effects
A: retaliatory headbutt, horns 2
a: Renounce Religion, Berserk


You were on level 2 of the Dungeon.
You worshipped Trog.
Trog was aware of your devotion.
You visited 1 branch of the dungeon, and saw 2 of its levels.

You collected 84 gold pieces.

Inventory:

Hand Weapons
 a - a +0 hand axe (weapon)
 q - a -3 war axe
Armour
 h - a +1 leather armour (worn)
Jewellery
 d - an uncursed ring of positive energy
 e - a ring of protection from fire (right hand)
 f - a ring of see invisible (left hand)
 o - an uncursed ring of flight
Scrolls
 i - 2 scrolls of identify
 k - a scroll of enchant armour
 l - a scroll of immolation {unknown}
 m - a scroll of teleportation {unknown}
 n - a scroll of fear {unknown}
 p - a scroll of blinking {unknown}
Potions
 c - 3 potions of flight {unknown}
 g - a potion of ambrosia {unknown}
 j - 2 potions of brilliance {unknown}


   Skills:
 * Level 4.1 Fighting
 * Level 4.4 Axes
 * Level 2.7 Armour
 * Level 2.3 Dodging


You had 2 spell levels left.
You didn't know any spells.
Your spell library was empty.

Dungeon Overview and Level Annotations

Branches:
Dungeon (2/15)

Altars:


Innate Abilities, Weirdness & Mutations

You reflexively headbutt those who attack you in melee.
You have a pair of horns on your head.


Message History

You barely miss the iguana.
The iguana is severely wounded.
The iguana bites you!
* * * LOW HITPOINT WARNING * * *
An iguana is nearby!
You are too injured to fight recklessly!
You are too injured to fight recklessly!
You are too injured to fight recklessly!
You are too injured to fight recklessly!
You are too injured to fight recklessly!
You hit the iguana.
The iguana is almost dead.
The iguana bites you!
You die...

#...........≈≈≈≈≈≈
#.###(..........≈≈≈≈≈≈
#.............≈≈.≈.≈..
#####.................
#...................
#...^...............
#......[............
#..l................
######..@................
.........................
................#########
.........................
.......#######...........
....... #...........
....... #...........
....... #...........
<...!.. #...........


You could see an iguana.

Vanquished Creatures
  An ooze (D:1)
  A dart slug (D:1)
  A leopard gecko (D:2)
  5 bats
  A giant cockroach (D:1)
  3 goblins (D:1)
  5 kobolds
  A quokka (D:2)
  3 frilled lizards
  4 rats (D:1)
25 creatures vanquished.

Notes
Turn   | Place    | Note
-------+----------+-------------------------------------------
     0 | D:1      | ratatacist the Minotaur Berserker began the quest for the
                  | Orb.
     0 | D:1      | Reached XP level 1. HP: 19/19 MP: 0/0
   346 | D:1      | Reached XP level 2. HP: 14/27 MP: 1/1
  1221 | D:2      | Found a faded altar of an unknown god.
  1413 | D:2      | Reached XP level 3. HP: 33/33 MP: 2/2
  1694 | D:2      | Slain by an iguana

Illustrated notes

Levels and vault maps discovered:
D:1:      erik_arrival_cave_to_civilisation [erik_arrival_cave_to_hall],
          layout_basic
D:2:      layout_basic, chequers_ecumenical_altar_island,
          minmay_misc_feat_ornament

Skill      XL: |  1  2 |
---------------+-------+-----
Fighting       | 4 |  4.1
Axes           | 4 |  4.4
Armour         | |  2.7
Dodging        | |  2.3

Action                   || total
-------------------------++-------
Melee: Hand axe          ||    47
       Headbutt          ||     7
Invok: Berserk           ||     1
  Use: Scroll            ||     3
 Stab: Sleeping          ||     1
Armor: Animal skin       ||     2
       Leather armour    ||     5
Dodge: Dodged            ||    34
